AoeStats
← nielsjehaes23

Arena

510511935Analyzed
1v1 RM · 1d ago on Oct 1, 2026· 47m 22s· 2 players
Game mode
Random Map
Map size
Tiny (2 player)
Population
200
Speed
Normal
Resources
Standard
Victory
Conquest
Starting age
Dark Age
Ending age
Imperial Age
RankedLock teamsTeams togetherTeam positionsShared explorationLock speedFull tech treeHidden civsTurbo modeCheats
Victory
Defeat
🇨🇳 Khitans · China
954
+15
🇧🇪 Khmer · Belgium
933
-15
nielsjehaes23
9:31 Feudal Age
9:59 Double-Bit Axe
13:58 Castle Age
13:45 Wheelbarrow
20:12 Hand Cart
22:18 Bow Saw
25:24 Gold Mining
26:37 Scale Barding Armor
26:42 Forging
26:53 Light Cavalry
27:44 Bloodlines
27:39 Husbandry
27:33 Horse Collar
29:30 Gold Shaft Mining
28:59 Heavy Plow
30:10 Chain Barding Armor
30:33 Iron Casting
30:49 Ballistics
33:45 Imperial Age
31:05 Loom
32:35 Pikeman
33:01 Arson
33:38 Scale Mail Armor
34:16 Murder Holes
34:49 Conscription
34:34 Double Crossbow
35:39 Chemistry
34:26 Cavalier
35:13 Heavy Scorpion
36:44 Halberdier
40:01 Hussar
43:08 Plate Barding Armor
42:48 Chain Mail Armor
43:34 Blast Furnace
陈千薮
10:19 Feudal Age
14:43 Castle Age
13:21 Double-Bit Axe
16:10 Bow Saw
16:11 Loom
17:03 Loom
20:34 Domestication
21:29 Town Watch
26:36 Imperial Age
24:34 Gold Mining
25:25 Wheelbarrow
25:23 Stone Mining
26:06 Pastoralism
26:43 Forging
26:33 Pikeman
27:21 Scale Mail Armor
28:03 Hand Cart
28:46 Scale Barding Armor
28:28 Treadmill Crane
28:41 Light Cavalry
30:36 Chain Mail Armor
30:57 Iron Casting
30:59 Conscription
31:00 Squires
32:08 Heavy Camel Rider
33:20 Lamellar Armor
33:39 Hussar
34:45 Town Patrol
34:47 Husbandry
35:50 Chain Barding Armor
36:01 Plate Mail Armor
38:32 Plate Barding Armor
39:53 Fletching
40:04 Padded Archer Armor
40:28 Ballistics
41:09 Chemistry
40:30 Ordo Cavalry
40:46 Bodkin Arrow
41:07 Leather Archer Armor
41:54 Two-Man Saw
40:54 Heavy Cavalry Archer
41:59 Parthian Tactics
42:08 Thumb Ring
42:54 Bracer
43:25 Ring Archer Armor
44:26 Ring Archer Armor
44:43 Siege Engineers
44:49 Masonry
44:35 Murder Holes
44:53 Masonry
44:22 Elite Skirmisher
Connection lost

Rejoining the realm…

Still unreachable

The connection could not be restored.

Session expired

The server has moved on; the page needs a fresh start.